 Dungeon Crawl Stone Soup version 0.20.0-10-g0535bb4 (webtiles) character file.

120 xgamer67 the Shooter (level 4, 0/35 HPs)
             Began as a Centaur Arcane Marksman on June 7, 2017.
             Slain by an orc (1 damage)
             ... on level 4 of the Dungeon.
             The game lasted 00:11:18 (3641 turns).

xgamer67 the Shooter (Centaur Arcane Marksman)      Turns: 3641, Time: 00:11:19

Health: 0/35       AC:  4    Str: 12    XL:     4   Next: 75%
Magic:  5/5        EV:  9    Int: 13    God:
Gold:   56         SH:  0    Dex: 10    Spells: 1/5 levels left

rFire    . . .     SeeInvis .   b - +0 spear
rCold    . . .     Gourm    .   (no shield)
rNeg     . . .     Faith    .   m - +0 leather armour
rPois    .         Spirit   .   (no helmet)
rElec    .         Reflect  .   (no cloak)
rCorr    .         Harm     .   (no gloves)
MR       .....                  (no barding)
Stlth    ..........             (no amulet)
Regen    0.2/turn               (no ring)
MPRegen  0.1/turn               (no ring)

@: very quick
A: hooves 3, deformed body, speed 2, tough skin 3
a: no special abilities


You were on level 4 of the Dungeon.
You were not hungry.

You visited 1 branch of the dungeon, and saw 4 of its levels.

You collected 56 gold pieces.

Inventory:

Hand Weapons
 a - a +0 shortbow
 b - a +0 spear (weapon)
 u - a +0 trident
Missiles
 d - 15 arrows
Armour
 e - a +0 robe
 m - a +0 leather armour (worn)
Scrolls
 g - a scroll of noise
 i - 2 scrolls of identify
 j - a scroll of teleportation {unknown}
 k - a scroll of immolation {unknown}
 r - a scroll of blinking {unknown}
 t - a scroll of fear {unknown}
Potions
 l - 2 potions of berserk rage {unknown}
 n - a potion of lignification {unknown}
 o - a potion of brilliance {unknown}
 q - 2 potions of curing {unknown}
 s - a potion of invisibility {unknown}
Books
 c - a book of Debilitation

   Spells                             Type                      Level
   a - Corona                         Hexes                        1
   b - Slow                           Hexes                        2
   c - Inner Flame                    Hexes/Fire                   3
   d - Portal Projectile              Hexes/Translocation          3
   e - Cause Fear                     Hexes                        4
   f - Leda's Liquefaction            Hexes/Earth                  4
Comestibles
 f - 3 bread rations
 h - 2 meat rations
 p - a chunk of flesh


   Skills:
 - Level 1.0 Fighting
 + Level 0.8 Polearms
 + Level 6.4 Bows
 - Level 1.3 Dodging
 - Level 1.0 Spellcasting
 - Level 2.6 Hexes


You had one spell level left.
You knew the following spells:

 Your Spells              Type           Power        Failure   Level  Hunger
d - Inner Flame           Hex/Fire       #.......     52%         3    ####...
A - Corona                Hex            #......      12%         1    ##.....


Dungeon Overview and Level Annotations

Branches:
Dungeon (4/15)
 Temple: D:4-7

Altars:


Innate Abilities, Weirdness & Mutations

You have hooves in place of feet.
Armour fits poorly on your strangely shaped body.
You cover ground very quickly.
You have extremely tough skin. (AC +3)


Message History

The giant cockroach bites you but does no damage.
You closely miss the orc wizard. Your kick misses the orc wizard.
The orc wizard is severely wounded.
The orc hits you.
* * * LOW HITPOINT WARNING * * *
The orc wizard gestures wildly while chanting.
The orc wizard seems to speed up.
The orc wizard hits you with a dagger.
* * * LOW HITPOINT WARNING * * *
The giant cockroach bites you but does no damage.
The orc wizard barely misses you. The orc barely misses you.
As you read the scroll labeled WUNLOT CUUMU, it crumbles to dust.
It is a scroll of identify.
g - a scroll of noise The giant cockroach bites you but does no damage.
The orc wizard hits you with a dagger.
* * * LOW HITPOINT WARNING * * *
The orc wizard hits you with a dagger.
* * * LOW HITPOINT WARNING * * *
The orc hits you.
You die...

############## #
###....(........ .#
#....o.o...#####..#
##..s@oS((.((.(...
#..####..(.......
#. #...<#.##... #
#...........
#....#.##...
#.......(
#.......o..
#>..(.......
.((.....#...


You could see 2 orc wizards, an adder, an orc and a giant cockroach.

Vanquished Creatures
  An orc priest (D:3)
  An adder (D:4)
  An ooze (D:1)
  A worm (D:3)
  3 dart slugs (D:1)
  A leopard gecko (D:2)
  8 orcs (D:3)
  5 giant cockroaches
  6 goblins
  5 hobgoblins
  10 kobolds
  3 quokkas
  4 bats
  4 rats
53 creatures vanquished.

Vanquished Creatures (others)
  6 toadstools (D:4)
6 creatures vanquished.

Grand Total: 59 creatures vanquished

Notes
Turn   | Place    | Note
-------+----------+-------------------------------------------
     0 | D:1      | xgamer67 the Centaur Arcane Marksman began the quest for the Orb.
     0 | D:1      | Reached XP level 1. HP: 16/16 MP: 2/2
    78 | D:1      | Reached skill level 3 in Bows
   334 | D:1      | Reached XP level 2. HP: 17/23 MP: 3/3
   378 | D:1      | Reached skill level 4 in Bows
  1162 | D:1      | Reached XP level 3. HP: 28/28 MP: 4/4
  1167 | D:1      | Learned a level 3 spell: Inner Flame
  1491 | D:1      | Reached skill level 5 in Bows
  2876 | D:3      | Reached XP level 4. HP: 35/35 MP: 5/5
  2929 | D:3      | Reached skill level 6 in Bows
  3641 | D:4      | HP: 1/35 [orc wizard/dagger (3)]
  3641 | D:4      | Slain by an orc

Skill      XL: |  1  2  3  4 |
---------------+-------------+-----
Bows           | 3 4 5 6 |  6.4
Fighting       | |  1.0
Polearms       | |  0.8
Dodging        | |  1.3
Spellcasting   | |  1.0
Hexes          | |  2.6

Action                   |  1- 3 |  4- 6 || total
-------------------------+-------+-------++-------
Melee: Unarmed           |    40 |       ||    40
       Kick              |    42 |     5 ||    47
       Shortbow          |     1 |       ||     1
       Club              |    44 |       ||    44
       Whip              |    21 |       ||    21
       Spear             |   100 |    41 ||   141
 Fire: Shortbow          |     9 |    27 ||    36
  Use: Scroll            |       |     1 ||     1
  Eat: Chunk             |     5 |     2 ||     7
Armor: Robe              |    41 |       ||    41
       Leather armour    |     1 |    19 ||    20
Dodge: Dodged            |    69 |    18 ||    87
